| TOP OF THE 1ST |
|
Brooklyn Cyclones batting - Pitching for Boise Hawks : RHP Julio Marquez
|
|
Pitching: RHP Julio Marquez
|
|
|
Batting: LHB Elmo Dreier
|
0-0: Ball 1-0: Ball 2-0: Ball 3-0: Called Strike 3-1: Base on Balls
|
|
Batting: RHB Jack Nickleberry
|
0-0: Called Strike Elmo Dreier steals 2nd base 0-1: Swinging Strike 0-2: Ball 1-2: Ball 2-2: Ground out U3 (Groundball, 34S, EV 91.2 MPH) Elmo Dreier to third
|
|
Batting: RHB Jake Geib
|
0-0: SINGLE (Groundball, 56, EV 99.4 MPH) Elmo Dreier scores
|
|
Batting: LHB Miguel Ramos
|
0-0: Grounds into double play, 4-6-3 (Groundball, 4MD, EV 83.8 MPH)
|
| Top of the 1st over - 1 run, 1 hit, 0 errors, 0 left on base; Brooklyn 1 - Boise 0 |
| BOTTOM OF THE 1ST |
|
Boise Hawks batting - Pitching for Brooklyn Cyclones : RHP David Mejia
|
|
Pitching: RHP David Mejia
|
|
|
Batting: LHB Georges Lambert
|
0-0: Ball 1-0: Swinging Strike 1-1: Foul Ball, location: 2F 1-2: Ball 2-2: Strikes out swinging
|
|
Batting: SHB Justin Jackson
|
0-0: Called Strike 0-1: Ball 1-1: Ball 2-1: Ball 3-1: Foul Ball, location: 2F 3-2: Base on Balls
|
|
Batting: RHB Andy Rayer
|
0-0: Ball 1-0: Foul Ball, location: 2F 1-1: Swinging Strike 1-2: Fly out, F8 (Line Drive, 8RM, EV 106.9 MPH)
|
|
Batting: SHB Chris Besselman
|
0-0: Foul Ball, location: 2F 0-1: Ball 1-1: Swinging Strike 1-2: Foul Ball, location: 2F 1-2: Strikes out swinging
|
| Bottom of the 1st over - 0 runs, 0 hits, 0 errors, 1 left on base; Brooklyn 1 - Boise 0 |
| TOP OF THE 2ND |
|
Brooklyn Cyclones batting - Pitching for Boise Hawks : RHP Julio Marquez
|
|
Batting: RHB Ryan Marler
|
0-0: Called Strike 0-1: Ball 1-1: Fly out, F8 (Line Drive, 89M, EV 92.5 MPH)
|
|
Batting: RHB Victor Reyes
|
0-0: Ball 1-0: Foul Ball, location: 2F 1-1: Foul Ball, location: 2F 1-2: Strikes out swinging
|
|
Batting: RHB Tom Primmer
|
0-0: Ball 1-0: Foul Ball, location: 2F 1-1: Swinging Strike 1-2: Ball 2-2: Ball 3-2: SOLO HOME RUN (Line Drive, 7D, EV 97.5 MPH), Distance : 357 ft
|
|
Batting: RHB Trent Hood
|
0-0: Foul Ball, location: 2F 0-1: Ball 1-1: Ball 2-1: Foul Ball, location: 2F 2-2: Foul Ball, location: 2F 2-2: Foul Ball, location: 2F 2-2: Ball 3-2: Base on Balls
|
|
Batting: RHB Roberto Delgado
|
0-0: Hit by Pitch Trent Hood to second
|
|
Batting: LHB Elmo Dreier
|
0-0: Ball 1-0: Ground out 3-1 (Groundball, 34, EV 81.9 MPH)
|
| Top of the 2nd over - 1 run, 1 hit, 0 errors, 2 left on base; Brooklyn 2 - Boise 0 |
| BOTTOM OF THE 2ND |
|
Boise Hawks batting - Pitching for Brooklyn Cyclones : RHP David Mejia
|
|
Batting: RHB Wali Mulogo
|
0-0: Called Strike 0-1: Ball 1-1: Ball 2-1: Called Strike 2-2: Fly out, F3 (Popup, 34, EV 60.0 MPH)
|
|
Batting: RHB Willie Benito
|
0-0: Ball 1-0: Ball 2-0: Ball 3-0: Called Strike 3-1: Ground out 3-1 (Groundball, 34, EV 83.8 MPH)
|
|
Batting: LHB Jerry Santana
|
0-0: Ball 1-0: Ball 2-0: Foul Ball, location: 2F 2-1: Foul Ball, location: 2F 2-2: SINGLE (Groundball, 4MD, EV 96.9 MPH)
|
|
Batting: RHB Gashie Chimsima
|
0-0: Ball 1-0: Called Strike 1-1: Ball 2-1: Called Strike 2-2: Ground out 6-3 (Groundball, 6, EV 85.6 MPH)
|
| Bottom of the 2nd over - 0 runs, 1 hit, 0 errors, 1 left on base; Brooklyn 2 - Boise 0 |
| TOP OF THE 3RD |
|
Brooklyn Cyclones batting - Pitching for Boise Hawks : RHP Julio Marquez
|
|
Batting: RHB Jack Nickleberry
|
0-0: Ball 1-0: Fly out, F9 (Flyball, 9LM, EV 86.9 MPH)
|
|
Batting: RHB Jake Geib
|
0-0: Foul Ball, location: 2F 0-1: Ball 1-1: Swinging Strike 1-2: Strikes out looking
|
|
Batting: LHB Miguel Ramos
|
0-0: Ball 1-0: Ball 2-0: Ball 3-0: Base on Balls
|
|
Batting: RHB Ryan Marler
|
0-0: Ball 1-0: Ball 2-0: SINGLE (Groundball, 6MD, EV 109.4 MPH) Miguel Ramos to second
|
|
Batting: RHB Victor Reyes
|
0-0: Ball 1-0: Called Strike 1-1: Foul Ball, location: 2F 1-2: Ball Wild Pitch! Miguel Ramos to third Ryan Marler to second 2-2: Ground out 5-3 (Groundball, 56, EV 98.8 MPH)
|
| Top of the 3rd over - 0 runs, 1 hit, 0 errors, 2 left on base; Brooklyn 2 - Boise 0 |
| BOTTOM OF THE 3RD |
|
Boise Hawks batting - Pitching for Brooklyn Cyclones : RHP David Mejia
|
|
Batting: RHB Aaron Burnet
|
0-0: Called Strike 0-1: Ball 1-1: Foul Ball, location: 2F 1-2: Ball 2-2: Ball 3-2: Strikes out looking
|
|
Batting: LHB Georges Lambert
|
0-0: Ball 1-0: Ground out 3-1 (Groundball, 34, EV 79.4 MPH)
|
|
Batting: SHB Justin Jackson
|
0-0: Ball 1-0: Swinging Strike 1-1: Swinging Strike 1-2: Strikes out swinging
|
| Bottom of the 3rd over - 0 runs, 0 hits, 0 errors, 0 left on base; Brooklyn 2 - Boise 0 |
| TOP OF THE 4TH |
|
Brooklyn Cyclones batting - Pitching for Boise Hawks : RHP Julio Marquez
|
|
Batting: RHB Tom Primmer
|
0-0: Fly out, F7 (Flyball, 7LM, EV 101.2 MPH)
|
|
Batting: RHB Trent Hood
|
0-0: Called Strike 0-1: Ground out 1-3 (Groundball, P, EV 70.6 MPH)
|
|
Batting: RHB Roberto Delgado
|
0-0: Ball 1-0: Called Strike 1-1: Ball 2-1: Ball 3-1: Base on Balls
|
|
Pitching: RHP Dan Hoffman
|
|
|
Batting: LHB Elmo Dreier
|
0-0: Foul Ball, location: 2F 0-1: Called Strike Roberto Delgado steals 2nd base 0-2: Ground out 4-3 (Groundball, 4M, EV 87.5 MPH)
|
| Top of the 4th over - 0 runs, 0 hits, 0 errors, 1 left on base; Brooklyn 2 - Boise 0 |
| BOTTOM OF THE 4TH |
|
Boise Hawks batting - Pitching for Brooklyn Cyclones : RHP David Mejia
|
|
Batting: RHB Andy Rayer
|
0-0: Ball 1-0: Foul Ball, location: 2F 1-1: Ball 2-1: Ball 3-1: Base on Balls
|
|
Batting: SHB Chris Besselman
|
0-0: Ball Wild Pitch! Andy Rayer to second 1-0: Foul Ball, location: 2F 1-1: Ball 2-1: Ball 3-1: Called Strike 3-2: Base on Balls
|
|
Batting: RHB Wali Mulogo
|
0-0: Swinging Strike Passed Ball! Andy Rayer to third Chris Besselman to second 0-1: Ball 1-1: Foul Ball, location: 2F 1-2: Strikes out looking
|
|
Batting: RHB Willie Benito
|
0-0: Called Strike 0-1: Ball 1-1: Ball 2-1: Ball 3-1: Ground out 6-3 (Groundball, 56, EV 104.4 MPH) Andy Rayer scores
|
|
Batting: LHB Jerry Santana
|
0-0: SINGLE (Flyball, 3D, EV 98.1 MPH) Chris Besselman to third Runner from 3rd tries for Home, throw by RF and OUT! 9-2
|
| Bottom of the 4th over - 1 run, 1 hit, 0 errors, 1 left on base; Brooklyn 2 - Boise 1 |
| TOP OF THE 5TH |
|
Brooklyn Cyclones batting - Pitching for Boise Hawks : RHP Dan Hoffman
|
|
Batting: RHB Jack Nickleberry
|
0-0: Ball 1-0: Ground out 4-3 (Groundball, 4, EV 109.4 MPH)
|
|
Batting: RHB Jake Geib
|
0-0: Ground out 3-1 (Groundball, 34S, EV 88.8 MPH)
|
|
Batting: LHB Miguel Ramos
|
0-0: Called Strike 0-1: Foul Ball, location: 2F 0-2: Foul Ball, location: 2F 0-2: Ground out 4-3 (Groundball, 4MS, EV 67.5 MPH)
|
| Top of the 5th over - 0 runs, 0 hits, 0 errors, 0 left on base; Brooklyn 2 - Boise 1 |
| BOTTOM OF THE 5TH |
|
Boise Hawks batting - Pitching for Brooklyn Cyclones : RHP David Mejia
|
|
Batting: RHB Gashie Chimsima
|
0-0: Ball 1-0: Foul Ball, location: 2F 1-1: Called Strike 1-2: Foul Ball, location: 2F 1-2: Strikes out looking
|
|
Batting: RHB Aaron Burnet
|
0-0: Ground out U3 (Groundball, 3, EV 105.6 MPH)
|
|
Batting: LHB Georges Lambert
|
0-0: Ground out 3-1 (Groundball, 34S, EV 92.5 MPH)
|
| Bottom of the 5th over - 0 runs, 0 hits, 0 errors, 0 left on base; Brooklyn 2 - Boise 1 |
| TOP OF THE 6TH |
|
Brooklyn Cyclones batting - Pitching for Boise Hawks : RHP Dan Hoffman
|
|
Batting: RHB Ryan Marler
|
0-0: Ball 1-0: Ball 2-0: Ball 3-0: Base on Balls
|
|
Batting: RHB Victor Reyes
|
0-0: Swinging Strike 0-1: Swinging Strike 0-2: Fly out, F8 (Flyball, 89M, EV 90.6 MPH)
|
|
Batting: RHB Tom Primmer
|
0-0: Grounds into double play, 5-4-3 (Groundball, 56, EV 83.8 MPH)
|
| Top of the 6th over - 0 runs, 0 hits, 0 errors, 0 left on base; Brooklyn 2 - Boise 1 |
| BOTTOM OF THE 6TH |
|
Boise Hawks batting - Pitching for Brooklyn Cyclones : RHP David Mejia
|
|
Batting: SHB Justin Jackson
|
0-0: Ball 1-0: Called Strike 1-1: Ball 2-1: Called Strike 2-2: Strikes out looking
|
|
Pitching: RHP Gwidon Kaminski
|
|
|
Batting: RHB Andy Rayer
|
0-0: Fly out, F8 (Flyball, 8LS, EV 82.5 MPH)
|
|
Batting: SHB Chris Besselman
|
0-0: Called Strike 0-1: Ball 1-1: Ball 2-1: Ball 3-1: Ground out 1-3 (Groundball, 34S, EV 70.6 MPH)
|
| Bottom of the 6th over - 0 runs, 0 hits, 0 errors, 0 left on base; Brooklyn 2 - Boise 1 |
| TOP OF THE 7TH |
|
Brooklyn Cyclones batting - Pitching for Boise Hawks : RHP Dan Hoffman
|
|
Batting: RHB Trent Hood
|
0-0: Called Strike 0-1: Called Strike 0-2: Ball 1-2: Ball 2-2: Ball 3-2: Base on Balls
|
|
Batting: RHB Jayden Copeland
|
0-0: Called Strike 0-1: Called Strike Trent Hood steals 2nd base Balk! Trent Hood to third 0-2: Ground out 5-3 (Groundball, 56S, EV 88.1 MPH)
|
|
Batting: LHB Elmo Dreier
|
Squeeze bunt is on, Trent Hood is safe 0-1: Ground out U3 (Groundball, 3, EV 81.9 MPH)
|
|
Batting: RHB Jack Nickleberry
|
0-0: Ball 1-0: Ground out 6-3 (Groundball, 6, EV 80.6 MPH)
|
| Top of the 7th over - 1 run, 0 hits, 0 errors, 0 left on base; Brooklyn 3 - Boise 1 |
| BOTTOM OF THE 7TH |
|
Boise Hawks batting - Pitching for Brooklyn Cyclones : RHP Gwidon Kaminski
|
|
Batting: RHB Wali Mulogo
|
0-0: Called Strike 0-1: Foul Ball, location: 2F 0-2: Strikes out swinging
|
|
Batting: RHB Willie Benito
|
0-0: Ball 1-0: Reached via error on a dropped throw from 3B, E3 (Groundball, 5S, EV 60.0 MPH)
|
|
Batting: LHB Jerry Santana
|
0-0: Ball 1-0: Ball 2-0: Ball 3-0: Called Strike 3-1: Called Strike 3-2: Base on Balls Willie Benito to second
|
|
Pinch Hitting: SHB Brad Madden
|
0-0: Ball 1-0: Called Strike 1-1: Ball 2-1: Foul Ball, location: 2F 2-2: Foul Ball, location: 2F 2-2: Foul Ball, location: 2F 2-2: Foul Ball, location: 2F 2-2: Foul Ball, location: 2F 2-2: Strikes out swinging
|
|
Pinch Hitting: RHB Brent Montagano
|
0-0: Ball 1-0: Swinging Strike 1-1: Fielders Choice at 2nd, 6-4 (Groundball, 6, EV 99.4 MPH)
|
| Bottom of the 7th over - 0 runs, 0 hits, 1 error, 2 left on base; Brooklyn 3 - Boise 1 |
| TOP OF THE 8TH |
|
Brooklyn Cyclones batting - Pitching for Boise Hawks : RHP Dan Hoffman
|
|
Now at 3B: Brent Montagano
|
|
|
Now at SS: Willie Benito
|
|
|
Now in CF: Ighlas Mwara
|
|
|
Batting: RHB Jake Geib
|
0-0: SINGLE (Groundball, P, EV 95.0 MPH)
|
|
Batting: LHB Miguel Ramos
|
0-0: Called Strike 0-1: Ball 1-1: Ball 2-1: Fielders Choice at 2nd, 3-6 (Groundball, 3S, EV 83.1 MPH)
|
|
Batting: RHB Ryan Marler
|
0-0: Foul Ball, location: 2F 0-1: Foul Ball, location: 2F 0-2: Ball 1-2: Foul Ball, location: 2F 1-2: Fielders Choice at 2nd, 4-6 (Groundball, 4M, EV 86.9 MPH)
|
|
Batting: RHB Victor Reyes
|
0-0: Called Strike 0-1: Ball 1-1: Ball Balk! Ryan Marler to second 2-1: Ground out 4-3 (Groundball, 4M, EV 99.4 MPH)
|
| Top of the 8th over - 0 runs, 1 hit, 0 errors, 1 left on base; Brooklyn 3 - Boise 1 |
| BOTTOM OF THE 8TH |
|
Boise Hawks batting - Pitching for Brooklyn Cyclones : RHP Gwidon Kaminski
|
|
Pitching: LHP Jose Diaz
|
|
|
Now at 1B: Salvador Gomez
|
|
|
Now in CF: Jake Geib
|
|
|
Now in RF: Callum Lynch
|
|
|
Pinch Hitting: RHB Ryan Ward
|
0-0: Called Strike 0-1: Ground out U3 (Groundball, 3L, EV 80.0 MPH)
|
|
Pitching: RHP Leo Burgos
|
|
|
Batting: SHB Justin Jackson
|
0-0: Ball 1-0: Ball 2-0: Ball 3-0: Base on Balls
|
|
Batting: RHB Andy Rayer
|
0-0: Ball 1-0: Fly out, F8 (Flyball, 8RD, EV 85.6 MPH)
|
|
Batting: SHB Chris Besselman
|
0-0: Called Strike 0-1: SINGLE (Line Drive, 56, EV 108.1 MPH) Justin Jackson to second
|
|
Batting: RHB Wali Mulogo
|
0-0: Hit by Pitch Justin Jackson to third Chris Besselman to second
|
|
Batting: RHB Willie Benito
|
0-0: Swinging Strike 0-1: Fielders Choice at 2nd, 6-4 (Groundball, 56, EV 77.5 MPH)
|
| Bottom of the 8th over - 0 runs, 1 hit, 0 errors, 3 left on base; Brooklyn 3 - Boise 1 |
| TOP OF THE 9TH |
|
Brooklyn Cyclones batting - Pitching for Boise Hawks : RHP Dan Hoffman
|
|
Now in LF: Ryan Ward
|
|
|
Batting: RHB Tom Primmer
|
0-0: Called Strike 0-1: Ball 1-1: Fly out, F9 (Flyball, 9LS, EV 85.6 MPH)
|
|
Batting: RHB Trent Hood
|
0-0: Called Strike 0-1: Ball 1-1: Called Strike 1-2: Ball 2-2: Ball 3-2: Base on Balls
|
|
Batting: RHB Jayden Copeland
|
0-0: Ball Trent Hood is caught stealing 2nd base 2-4 1-0: Foul Ball, location: 2F 1-1: Called Strike 1-2: Ball 2-2: Hit by Pitch
|
|
Batting: LHB Elmo Dreier
|
0-0: Called Strike 0-1: Ball 1-1: Foul Ball, location: 2F 1-2: SINGLE (Flyball, 8RS, EV 94.4 MPH) Jayden Copeland to second Runner from 2nd tries for 3rd, SAFE, throw by CF made to third
|
|
Pitching: RHP Carlos Manriquez
|
|
|
Batting: SHB Callum Lynch
|
0-0: Fly out, F7 (Flyball, 7S, EV 93.1 MPH)
|
| Top of the 9th over - 0 runs, 1 hit, 0 errors, 2 left on base; Brooklyn 3 - Boise 1 |
| BOTTOM OF THE 9TH |
|
Boise Hawks batting - Pitching for Brooklyn Cyclones : RHP Leo Burgos
|
|
Pitching: LHP Scott Carr
|
|
|
Pinch Hitting: RHB Josh Lofgreen
|
0-0: Ball 1-0: Ball 2-0: Swinging Strike 2-1: Fly out, F8 (Flyball, 8RM, EV 88.1 MPH)
|
|
Batting: RHB Ighlas Mwara
|
0-0: Ground out 6-3 (Groundball, 6M, EV 86.2 MPH)
|
|
Batting: RHB Brent Montagano
|
0-0: Foul Ball, location: 2F 0-1: Ball 1-1: Foul Ball, location: 2F 1-2: Ball 2-2: Foul Ball, location: 2F 2-2: Fly out, F9 (Line Drive, 9LM, EV 106.9 MPH)
|
| Bottom of the 9th over - 0 runs, 0 hits, 0 errors, 0 left on base; Brooklyn 3 - Boise 1 |
|